 Dungeon Crawl Stone Soup version 0.22.0 (webtiles) character file.

16581 Lew the Cleaver (level 12, -2/110 HPs)
             Began as a Minotaur Fighter on Aug 11, 2018.
             Was a Priest of Ashenzari.
             Slain by a skeletal warrior
             ... wielding a +0 trident
             ... led by a skeletal warrior
              (5 damage)
             ... on level 12 of the Dungeon.
             The game lasted 00:38:26 (11312 turns).

Lew the Cleaver (Minotaur Fighter)                 Turns: 11312, Time: 00:38:27

Health: -2/110     AC: 15    Str: 27 (28) XL:     12   Next: 11%
Magic:  11/11      EV:  9    Int:  2 (5)  God:    Ashenzari [***...]
Gold:   317        SH: 15    Dex: 15 (18) Spells: 11/11 levels left

rFire    + + .     SeeInvis +   a - +4 war axe (curse)
rCold    + . .     Gourm    .   c - +1 shield (curse)
rNeg     . . .     Faith    .   n - +1 scale mail of the Monkey {Dex+5} (curse)
rPois    +         Spirit   .   (helmet unavailable)
rElec    +         Reflect  .   q - +0 cloak
rCorr    +         Harm     .   h - +2 pair of gloves (curse)
MR       .....                  (no boots)
Stlth    ..........             (no amulet)
HPRegen  0.28/turn              e - ring of protection from fire
MPRegen  0.12/turn              t - ring of resist corrosion

@: mighty, resistant
A: retaliatory headbutt, fangs 1, horns 3, wild magic 1
a: Curse Item, Scrying, Renounce Religion


You were on level 12 of the Dungeon.
You worshipped Ashenzari.
Ashenzari was most pleased with you.
You were not hungry.

You visited 2 branches of the dungeon, and saw 13 of its levels.

You collected 526 gold pieces.
You spent 209 gold pieces at shops.

Inventory:

Hand Weapons
 a - a cursed +4 war axe (weapon)
 B - the +5 morningstar of Soishol {venom, rF+ MR++ MP+9}
   (You found it on level 11 of the Dungeon)

   It poisons the flesh of those it strikes.
   It protects you from fire.
   It affects your resistance to hostile enchantments.
   It affects your magic capacity (+9).
Armour
 c - a cursed +1 shield (worn)
 h - a cursed +2 pair of gloves (worn)
 n - the cursed +1 scale mail of the Monkey (worn) {Dex+5}
   (You found it on level 6 of the Dungeon)

   It affects your dexterity (+5).
   It has a curse placed upon it.
 o - a +4 scale mail
 q - a +0 cloak (worn)
Jewellery
 d - an uncursed ring of wizardry
 e - a ring of protection from fire (left hand)
 t - a ring of resist corrosion (right hand)
Wands
 y - a wand of paralysis (10)
 z - a wand of iceblast (1)
Scrolls
 b - a scroll of silence
 p - 3 scrolls of teleportation
 r - a scroll of magic mapping
 D - a scroll of acquirement {unknown}
Potions
 g - a potion of haste
 i - 2 potions of brilliance
 j - a potion of agility
 l - a potion of curing
 m - 2 potions of might
 s - 4 potions of cancellation
 v - a potion of berserk rage
 w - a potion of lignification
 C - a potion of degeneration
Miscellaneous
 u - a fan of gales
Comestibles
 f - 15 rations


   Skills:
 + Level 11.2 Fighting
 * Level 14.6(17.0) Axes
 + Level 11.2 Armour
 + Level 11.2(12.8) Shields


You had 11 spell levels left.
You didn't know any spells.
Your spell library contained the following spells:

 Spells                   Type           Power        Failure   Level  Hunger
 Lightning Bolt           Conj/Air       #.........   100%        5    ######.
 Confuse                  Hex            #.......     99%         3    ####...
 Summon Small Mammal      Summ           #...         90%         1    ##.....
 Tukima's Dance           Hex            #.......     99%         3    ####...
 Stone Arrow              Conj/Erth      #.....       99%         3    ####...
 Shock                    Conj/Air       #...         90%         1    ##.....
 Swiftness                Chrm/Air       #.......     96%         2    ###....
 Spider Form              Tmut/Pois      #.........   99%         3    ####...
 Blade Hands              Tmut           #.........   100%        5    ######.
 Ice Form                 Ice/Tmut       #.......     100%        4    #####..
 Airstrike                Air            #.........   100%        4    #####..
 Passwall                 Tmut/Erth      #.......     96%         2    ###....
 Sticks to Snakes         Tmut           #.......     96%         2    ###....
 Call Canine Familiar     Summ           #.......     99%         3    ####...
 Ensorcelled Hibernation  Hex/Ice        #.....       96%         2    ###....
 Static Discharge         Conj/Air       #.......     99%         3    ####...
 Corona                   Hex            #......      90%         1    ##.....
 Lee's Rapid Deconstruct  Erth           #.........   100%        5    ######.
 Sandblast                Erth           #.....       90%         1    ##.....
 Petrify                  Tmut/Erth      #.......     100%        4    #####..
 Beastly Appendage        Tmut           #.....       90%         1    ##.....
 Dazzling Spray           Conj/Hex       #.....       99%         3    ####...


Dungeon Overview and Level Annotations

Branches:
Dungeon (12/15)            Temple (1/1) D:6            Lair (0/6) D:11
    Orc (0/2) D:9

Altars:
Ashenzari
Cheibriados
Dithmenos
Elyvilon
Fedhas
Gozag
Hepliaklqana
Kikubaaqudgha
Makhleb
Nemelex Xobeh
Okawaru
Qazlal
Ru
Sif Muna
Trog
Uskayaw
Vehumet
Wu Jian
Xom
Yredelemnul
Zin
The Shining One
Beogh

Shops:
D:5 *

Annotations:
D:6 Blork the orc


Innate Abilities, Weirdness & Mutations

You reflexively headbutt those who attack you in melee.
You have a pair of large horns on your head.
You have very sharp teeth.
Your spells are a little harder to cast, but a little more powerful.


Message History

You hit the skeletal warrior.
You hit the skeletal warrior but do no damage.
You slice the skeletal warrior!!
You destroy the skeletal warrior!
You feel your strength returning.
You hit the skeletal warrior.
The skeletal warrior hits you with a trident!
* * * LOW HITPOINT WARNING * * *
You hit the skeletal warrior. You headbutt the skeletal warrior!
The skeletal warrior is almost destroyed.
The skeletal warrior hits you with a trident!
* * * LOW HITPOINT WARNING * * *
You hit the skeletal warrior but do no damage.
Your bite misses the skeletal warrior.
The skeletal warrior is almost destroyed.
You completely miss the skeletal warrior.
Your bite misses the skeletal warrior.
The skeletal warrior is almost destroyed.
The skeletal warrior hits you with a trident.
You die...

,, * , , , , ,
,, , * , ,
....# ,,
*****..o. . ,
,, ,, * ..., ..
.. ,... *
.#,....* ,
#######.#.....*
*
#.^)@)........
#(..)z)....[..
,
#..$..^.......
,
#)............
#........#####
##########


You could see a skeletal warrior.

Vanquished Creatures
  4 two-headed ogres
  An unseen horror (D:11)
  3 skeletal warriors (D:12)
  An oklob plant (D:11)
  An ugly thing (D:10)
  A centaur zombie (D:10)
  3 kobold demonologists (D:11)
  3 trolls
  2 hornets (D:11)
  4 hippogriffs
  A centaur simulacrum (D:11)
  A wraith (D:8)
  Sigmund (D:2)
  A wyvern (D:10)
  4 yaks (D:9)
  A hungry ghost (D:10)
  4 water moccasins
  An acid dragon (D:11)
  2 hell hounds (D:11)
  5 orc warriors
  4 ice beasts
  3 phantoms
  5 sky beasts
  3 black bears
  10 centaurs
  4 ogres
  2 big kobolds (D:8)
  2 bullfrogs
  A wyvern skeleton (D:9)
  6 scorpions
  An oklob sapling (D:11)
  5 killer bees (D:8)
  A howler monkey (D:7)
  7 crimson imps
  A bullfrog zombie (D:11)
  8 hounds
  4 jellies
  Crazy Yiuf (D:6)
  A gnoll shaman (D:7)
  11 orc priests
  3 bullfrog skeletons
  3 iguanas
  Terence (D:3)
  19 orc wizards
  Natasha (thrice) (D:2)
  9 worker ants
  A hound skeleton (D:11)
  A worker ant zombie (D:10)
  7 gnolls
  14 adders
  A shadow imp (D:6)
  2 oozes
  An adder zombie (D:7)
  2 worms
  A dart slug (D:2)
  9 leopard geckos
  52 orcs
  9 ball pythons
  5 bats
  4 giant cockroaches
  6 goblins
  3 hobgoblins
  22 jackals
  4 quokkas
  4 frilled lizards
  20 kobolds
  6 rats
  4 plants (D:11)
340 creatures vanquished.

Vanquished Creatures (others)
  A sky beast (D:11)
  A fungus (D:4)
  A plant (D:11)
3 creatures vanquished.

Grand Total: 343 creatures vanquished

Notes
Turn   | Place    | Note
-------+----------+-------------------------------------------
     0 | D:1      | Lew the Minotaur Fighter began the quest for the Orb.
     0 | D:1      | Reached XP level 1. HP: 19/19 MP: 0/0
   116 | D:1      | Reached XP level 2. HP: 24/27 MP: 1/1
   143 | D:1      | Reached skill level 3 in Axes
   553 | D:2      | Noticed Natasha
   558 | D:2      | Noticed a crimson imp
   558 | D:2      | Reached XP level 3. HP: 33/33 MP: 2/2
   918 | D:2      | Killed Natasha
  1055 | D:2      | Found a hide-covered altar of Uskayaw.
  1055 | D:2      | Noticed Sigmund
  1070 | D:2      | Killed Sigmund
  1070 | D:2      | Reached skill level 4 in Axes
  1070 | D:2      | Reached XP level 4. HP: 14/41 MP: 3/3
  1070 | D:2      | Reached XP level 5. HP: 16/47 MP: 4/4
  1344 | D:2      | Noticed Natasha
  1351 | D:2      | Killed Natasha
  1351 | D:2      | Reached skill level 5 in Axes
  1389 | D:2      | Noticed Natasha
  1396 | D:2      | Killed Natasha
  1461 | D:2      | Reached XP level 6. HP: 55/55 MP: 5/5
  1500 | D:2      | Found a radiant altar of Vehumet.
  2136 | D:3      | Noticed Terence
  2143 | D:3      | Killed Terence
  2143 | D:3      | Reached skill level 5 in Armour
  2533 | D:3      | Found an ancient bone altar of Kikubaaqudgha.
  2640 | D:4      | Reached skill level 5 in Fighting
  2640 | D:4      | Reached skill level 5 in Shields
  2684 | D:4      | Reached skill level 6 in Axes
  2684 | D:4      | Reached XP level 7. HP: 45/61 MP: 6/6
  2979 | D:4      | Found a shattered altar of Ashenzari.
  2989 | D:4      | Became a worshipper of Ashenzari the Shackled
  3019 | D:4      | Found a snail-covered altar of Cheibriados.
  3139 | D:4      | Reached skill level 7 in Axes
  3335 | D:4      | Found a sacrificial altar of Ru.
  3605 | D:5      | Entered Level 5 of the Dungeon
  3676 | D:5      | Found Qadeuz's Assorted Antiques.
  3686 | D:5      | Bought a pair of runed gloves for 187 gold pieces
  3686 | D:5      | Bought a fizzy yellow potion for 22 gold pieces
  3753 | D:5      | Reached XP level 8. HP: 70/70 MP: 7/7
  4074 | D:5      | Found a glowing silver altar of Zin.
  4085 | D:5      | Learned a level 2 spell: Passwall
  4598 | D:6      | Found a runed door.
  4602 | D:6      | Noticed Crazy Yiuf
  4609 | D:6      | Killed Crazy Yiuf
  4801 | D:6      | Reached skill level 8 in Axes
  5005 | D:6      | Got the cursed scale mail of the Monkey {Dex+5}
  5025 | D:6      | Identified the cursed +1 scale mail of the Monkey {Dex+5} (You found it on level 6 of the Dungeon)
  5179 | D:6      | Found a basalt altar of Yredelemnul.
  5349 | D:6      | Noticed Blork the orc
  5367 | D:6      | Found a deep blue altar of Sif Muna.
  5554 | D:6      | Reached skill level 9 in Axes
  5568 | D:6      | Found a sparkling altar of Nemelex Xobeh.
  5623 | D:6      | Found a staircase to the Ecumenical Temple.
  5733 | Temple   | Entered the Ecumenical Temple
  5750 | Temple   | Reached * piety under Ashenzari
  5996 | D:7      | Reached XP level 9. HP: 79/79 MP: 8/8
  6314 | D:7      | Reached skill level 10 in Axes
  6664 | D:8      | Found an opulent altar of Gozag.
  6899 | D:8      | Noticed a troll
  6905 | D:8      | Killed a troll
  7091 | D:8      | Reached ** piety under Ashenzari
  7133 | D:8      | Reached skill level 11 in Axes
  7147 | D:8      | Reached XP level 10. HP: 68/90 MP: 9/9
  8078 | D:9      | Found a staircase to the Orcish Mines.
  8083 | D:9      | Found a roughly hewn altar of Beogh.
  8237 | D:9      | Reached skill level 12 in Axes
  8255 | D:9      | Found a hazy altar of Hepliaklqana.
  8256 | D:9      | Found a shimmering altar of Xom.
  8301 | D:9      | Found a deep blue altar of Sif Muna.
  8456 | D:10     | Entered Level 10 of the Dungeon
  8691 | D:10     | Noticed a red ugly thing
  8703 | D:10     | Killed a red ugly thing
  8730 | D:10     | Reached *** piety under Ashenzari
  8778 | D:10     | Reached XP level 11. HP: 81/99 MP: 10/10
  9140 | D:10     | Gained mutation: Your spells are a little harder to cast, but a little more powerful. [potion of mutation]
  9140 | D:10     | Gained mutation: You have a pair of large horns on your head. [potion of mutation]
  9140 | D:10     | Gained mutation: You have very sharp teeth. [potion of mutation]
  9168 | D:11     | Found a staircase to the Lair.
  9175 | D:11     | Noticed a two-headed ogre
  9185 | D:11     | Reached skill level 10 in Armour
  9185 | D:11     | Reached skill level 10 in Shields
  9193 | D:10     | Killed a two-headed ogre
  9193 | D:10     | Reached skill level 10 in Fighting
  9193 | D:10     | Reached skill level 13 in Axes
  9922 | D:11     | Noticed an unseen horror
  9932 | D:11     | Killed an unseen horror
  9949 | D:11     | Found a shattered altar of Ashenzari.
  9971 | D:11     | Noticed a two-headed ogre
  9978 | D:11     | Killed a two-headed ogre
 10020 | D:11     | Noticed a two-headed ogre
 10020 | D:11     | Noticed a two-headed ogre
 10032 | D:11     | Killed a two-headed ogre
 10040 | D:11     | Killed a two-headed ogre
 10040 | D:11     | Reached skill level 14 in Axes
 10378 | D:11     | Identified the +5 morningstar of Soishol {venom, rF+ MR++ MP+9}
 10429 | D:11     | Identified the Handbook of Nature
 10449 | D:11     | Noticed an oklob plant
 10479 | D:11     | Killed an oklob plant
 10514 | D:11     | Paralysed by a hornet for 3 turns
 10539 | D:11     | Paralysed by a hornet for 1 turns
 10909 | D:12     | Noticed a skeletal warrior
 10910 | D:12     | Noticed a skeletal warrior
 10910 | D:12     | Noticed a skeletal warrior
 10912 | D:12     | Noticed a skeletal warrior
 10919 | D:12     | Killed a skeletal warrior
 10919 | D:12     | Reached XP level 12. HP: 82/110 MP: 11/11
 11310 | D:12     | HP: 3/110 [skeletal warrior/trident[a skeletal warrior] (17)]
 11312 | D:12     | Slain by a skeletal warrior

Skill      XL: |  1  2  3  4  5  6  7  8  9 10 11 |
---------------+----------------------------------+-----
Axes           | 3 4 5 6 7 9 11 12 14 | 14.6
Fighting       | 4 5 6 7 8 9 11 | 11.2
Armour         | 4 5 6 7 8 9 11 | 11.2
Shields        | 4 5 6 7 8 9 11 | 11.2

Action                   |  1- 3 |  4- 6 |  7- 9 | 10-12 || total
-------------------------+-------+-------+-------+-------++-------
Melee: War axe           |    50 |    81 |   329 |   404 ||   864
       Headbutt          |     7 |    15 |    68 |   101 ||   191
       Bite              |       |       |       |    30 ||    30
Invok: Curse Item        |       |       |     3 |       ||     3
       Scrying           |       |       |     1 |       ||     1
Evoke: Wand              |       |       |       |     5 ||     5
  Use: Scroll            |     6 |     4 |    10 |     6 ||    26
       Potion            |     2 |     5 |       |     8 ||    15
 Stab: Sleeping          |       |     1 |       |       ||     1
       Distracted        |       |       |       |     1 ||     1
  Eat: Ration            |       |     2 |     4 |     2 ||     8
       Chunk             |       |       |     1 |     7 ||     8
Armor: Scale mail        |    21 |    32 |   127 |   101 ||   281
Dodge: Dodged            |    27 |    22 |    73 |    95 ||   217
Block: Shield            |    34 |    50 |   179 |   243 ||   506
